 Dungeon Crawl Stone Soup version 0.13.0-29-gdb529de (webtiles) character file.

328 Lilouch the Sneak (level 5, -5/28 HPs)
             Began as a Deep Elf Fire Elementalist on Nov 5, 2013.
             Killed from afar by an orc wizard (7 damage)
             ... with a magic dart
             ... on Level 3 of the Dungeon.
             The game lasted 00:15:19 (2240 turns).

Lilouch the Sneak (Deep Elf Fire Elementalist)      Turns: 2240, Time: 00:15:19

HP  -5/28        AC  3     Str  5      XL: 5   Next: 21%
MP   8/13        EV 13     Int 21      God:
Gold 163         SH  0     Dex 15      Spells:  1 memorised,  6 levels left

Res.Fire  : . . .   See Invis. : .   y - +0 spear
Res.Cold  : . . .   Warding    : .   a - +0 elf robe
Life Prot.: . . .   Conserve   : .   (no shield)
Res.Poison: .       Res.Corr.  : .   h - +0 helmet
Res.Elec. : .       Clarity    : .   (no cloak)
Sust.Abil.: . .     Spirit.Shd : .   (no gloves)
Res.Mut.  : .       Stasis     : .   (no boots)
Res.Rott. : .       Flight     : .   (no amulet)
Saprovore : . . .                    (no ring)
                                     K - ring of protection from magic

@: quite resistant to hostile enchantments, quite stealthy
A: no striking features
a: no special abilities


You were on level 3 of the Dungeon.
You were not hungry.

You visited 1 branch of the dungeon, and saw 3 of its levels.

You collected 143 gold pieces.

Inventory:

Hand weapons
 i - a -1,+1 orcish club
 m - a -1,+1 orcish club
 p - a +1,+3 dwarven dagger
 r - a +1,+0 elven short sword
 s - a +0,+0 dagger
 t - a +0,+0 dagger
 v - a +2,+0 elven dagger
 w - a +0,+1 orcish club (quivered)
 y - a +0,+0 spear (weapon)
 z - a +0,+0 dagger
 C - a -1,+1 orcish dagger
 D - a +1,+2 dagger
 E - a -1,+0 orcish dagger
Missiles
 k - 14 poisoned needles
Armour
 a - a +0 elven robe (worn)
 e - a +0 orcish leather armour
 h - a +0 helmet (worn)
Comestibles
 c - 2 bread rations
 d - an apple
 n - a pear
 A - a chunk of bat flesh
 B - a meat ration
Scrolls
 g - a scroll of enchant armour {unknown}
 l - a scroll of teleportation {unknown}
 o - a scroll of curse weapon {unknown}
 u - 3 scrolls of remove curse
 x - a scroll of enchant weapon I {unknown}
 F - a scroll of magic mapping {unknown}
 H - a scroll of enchant weapon II {unknown}
 I - a scroll of noise {unknown}
 J - a scroll of blinking {unknown}
Jewellery
 K - a ring of protection from magic (left hand)
Potions
 j - a potion of curing
 q - a potion of resistance {unknown}
 G - a potion of heal wounds
Books
 b - a book of Flames

   Spells                             Type                      Level
   *Flame Tongue                      Conjuration/Fire             1
   Throw Flame                        Conjuration/Fire             2
   Conjure Flame                      Conjuration/Fire             3
   Inner Flame                        Hexes/Fire                   3
   Sticky Flame                       Conjuration/Fire             4
   Fireball                           Conjuration/Fire             5


   Skills:
 - Level 1.0 Armour
 - Level 2.4 Dodging
 + Level 5.0 Stealth
 - Level 1.5 Spellcasting
 + Level 3.8 Conjurations
 - Level 3.2 Fire Magic


You had 6 spell levels left.
You knew the following spells:

 Your Spells              Type           Power        Failure   Level  Hunger
a - Flame Tongue          Conj/Fire      ###..        4%          1    #......


Dungeon Overview and Level Annotations

Branches:
Dungeon (3/27)

Altars:


Message History

Aiming: Flame Tongue
Press: ? - help, Shift-Dir - straight line, f/p - orc
Aim: an orc, wielding an orcish falchion and wearing an orcish chain mail (almost dead)
The flame hits the orc.
You kill the orc!
Things that are here:
an orcish falchion; an orcish chain mail You see here a worm corpse.
You stop butchering the corpse.
Things that are here:
an orcish falchion; an orcish chain mail The orc wizard shouts!
The orc wizard mumbles some strange words.
The orc wizard seems to speed up.
The orc wizard gestures at you while chanting.
The magic dart hits you!
* * * LOW HITPOINT WARNING * * *
The orc wizard casts a spell at you. The magic dart hits you!
You die...

#.....)##.#### #......##.# #
#.>....##.#######
#.#......#........###
#...................<.
#.##.#####..%.....## #.....#
#.##.# #.)......####.........
#.##.# #................(...
#.##.# ###...(@...#### #.....#
##.##.###.......#### #.....#
#...............# #.....#
#.......#.......# #.....##
#.......#.......# ###.......
#.......#.......# #.........
#(......#######o#######...####..
#.......o.............%.........
#.......#######.#######...######


You could see an orc wizard.

Vanquished Creatures
  An orc priest (D:3)
  7 adders
  A worm (D:3)
  2 giant geckos
  5 orcs (D:3)
  2 ball pythons (D:1)
  8 bats
  3 giant cockroaches
  8 goblins
  6 hobgoblins
  3 jackals (D:1)
  A quokka (D:3)
  5 giant newts
  5 kobolds
  9 rats
66 creatures vanquished.

Notes
Turn   | Place    | Note
--------------------------------------------------------------
     0 | D:1      | Lilouch, the Deep Elf Fire Elementalist, began the quest for the Orb.
     0 | D:1      | Reached XP level 1. HP: 10/10 MP: 4/4
   120 | D:1      | Reached skill level 1 in Armour
   195 | D:1      | Reached XP level 2. HP: 15/15 MP: 1/6
   565 | D:1      | Reached XP level 3. HP: 15/19 MP: 4/9
  1304 | D:2      | Reached XP level 4. HP: 21/24 MP: 6/11
  1431 | D:2      | Reached skill level 4 in Stealth
  2182 | D:3      | Reached skill level 5 in Stealth
  2182 | D:3      | Reached XP level 5. HP: 28/28 MP: 10/13
  2240 | D:3      | Killed from afar by an orc wizard

Action                   |  1- 3 |  4- 6 || total
-------------------------+-------+-------++-------
Melee: Spear             |       |     7 ||     7
       Dagger            |       |     3 ||     3
Throw: Club              |       |     2 ||     2
 Cast: Flame Tongue      |    56 |    66 ||   122
  Use: Scroll            |       |     4 ||     4
 Stab: Sleeping          |       |     6 ||     6
